[ PARTIDA AOE2 · #494401670 ]
UnrankedPersas vs Bulgarians
Equipo del jugador · DERR
Equipo rival · VICT
[ ANÁLISIS DE REPETICIÓN · EXTRAÍDO DE LA PARTIDA GRABADA ]
Feudal
39:37
Castillos
—
Imperial
—
| APM promedio | 52.4 |
| APM pico | 101 |
| eAPM promedio | 29.6 |
| Aldeanos / militares | 156 / 50 |
Foco
⚔️ 32.0% · 🌾 68.0%
Archer ×28 · Spearman ×13 · Scout Cavalry ×7 · Militia ×2
Feudal
11:48
Castillos
45:49
Imperial
—
| APM promedio | 33.1 |
| APM pico | 101 |
| eAPM promedio | 14.2 |
| Aldeanos / militares | 50 / 41 |
Foco
⚔️ 26.9% · 🌾 73.1%
Militia ×26 · Konnik ×7 · Mangonel ×3 · Scorpion ×3 · Spearman ×2
Mapa de la partida
Recursos iniciales + cada clic de construcción. Líneas = muros · curvas = relieve. ◆ oro · ⬟ piedra · ● bayas · ✦ reliquia · ◌ hueco del cierre
Tu base· Abierta — flanco sin cerrar
Base de Laufey· Abierta — flanco sin cerrar
Terreno inicial suavizado · ◌ = hueco del cierre detectado · pasá el cursor para detalles
Inputs por minuto
— LRNI MarinM - - Laufey
Build order — LRNI MarinM
Primeras 150 de 310 acciones detectadas
| 0:02 | Crear | Villager (Male) |
| 0:02 | Crear | Villager (Male) |
| 0:02 | Crear | Villager (Male) |
| 0:03 | Construir | House |
| 0:04 | Construir | House |
| 0:08 | Investigar | Loom |
| 0:08 | Crear | Villager (Male) |
| 0:08 | Crear | Villager (Male) |
| 0:38 | Crear | Villager (Male) |
| 0:38 | Crear | Villager (Male) |
| 0:38 | Crear | Villager (Male) |
| 2:37 | Crear | Villager (Male) |
| 3:53 | Crear | Villager (Male) |
| 3:54 | Crear | Villager (Male) |
| 4:33 | Crear | Villager (Male) |
| 4:41 | Construir | House |
| 4:57 | Crear | Villager (Male) |
| 4:57 | Crear | Villager (Male) |
| 5:01 | Crear | Villager (Male) |
| 5:21 | Crear | Villager (Male) |
| 5:21 | Crear | Villager (Male) |
| 5:24 | Crear | Villager (Male) |
| 5:24 | Crear | Villager (Male) |
| 5:49 | Crear | Villager (Male) |
| 5:49 | Crear | Villager (Male) |
| 5:49 | Crear | Villager (Male) |
| 5:53 | Crear | Villager (Male) |
| 6:10 | Crear | Villager (Male) |
| 6:10 | Crear | Villager (Male) |
| 6:39 | Construir | House |
| 6:41 | Crear | Villager (Male) |
| 6:59 | Crear | Villager (Male) |
| 7:00 | Crear | Villager (Male) |
| 7:03 | Crear | Villager (Male) |
| 7:30 | Crear | Villager (Male) |
| 7:30 | Crear | Villager (Male) |
| 7:30 | Crear | Villager (Male) |
| 8:19 | Crear | Villager (Male) |
| 8:19 | Crear | Villager (Male) |
| 8:19 | Crear | Villager (Male) |
| 9:43 | Construir | Town Center |
| 10:41 | Crear | Villager (Male) |
| 11:01 | Crear | Villager (Male) |
| 11:18 | Crear | Villager (Male) |
| 11:59 | Crear | Villager (Male) |
| 11:59 | Crear | Villager (Male) |
| 11:59 | Crear | Villager (Male) |
| 12:03 | Construir | House |
| 13:03 | Crear | Villager (Male) |
| 14:02 | Crear | Villager (Male) |
| 14:02 | Crear | Villager (Male) |
| 14:37 | Construir | Lumber Camp |
| 14:49 | Crear | Villager (Male) |
| 14:50 | Crear | Villager (Male) |
| 14:50 | Crear | Villager (Male) |
| 14:50 | Crear | Villager (Male) |
| 15:58 | Crear | Villager (Male) |
| 15:58 | Crear | Villager (Male) |
| 16:15 | Construir | Palisade Wall |
| 16:17 | Construir | Palisade Wall |
| 16:19 | Construir | Palisade Wall |
| 16:19 | Construir | Palisade Wall |
| 16:21 | Crear | Villager (Male) |
| 16:21 | Crear | Villager (Male) |
| 16:46 | Crear | Villager (Male) |
| 16:46 | Crear | Villager (Male) |
| 17:37 | Crear | Villager (Male) |
| 17:37 | Crear | Villager (Male) |
| 17:40 | Crear | Villager (Male) |
| 17:40 | Crear | Villager (Male) |
| 18:20 | Crear | Villager (Male) |
| 18:20 | Crear | Villager (Male) |
| 18:34 | Crear | Villager (Male) |
| 18:34 | Crear | Villager (Male) |
| 19:02 | Crear | Villager (Male) |
| 19:03 | Crear | Villager (Male) |
| 19:22 | Crear | Villager (Male) |
| 19:22 | Crear | Villager (Male) |
| 20:39 | Crear | Villager (Male) |
| 20:39 | Crear | Villager (Male) |
| 21:23 | Construir | Palisade Wall |
| 21:26 | Construir | Palisade Wall |
| 21:27 | Construir | Palisade Wall |
| 21:28 | Construir | Palisade Wall |
| 21:33 | Crear | Villager (Male) |
| 21:33 | Crear | Villager (Male) |
| 21:36 | Crear | Villager (Male) |
| 21:36 | Crear | Villager (Male) |
| 21:51 | Construir | Palisade Wall |
| 21:56 | Construir | Palisade Wall |
| 22:01 | Construir | Palisade Wall |
| 22:02 | Construir | Palisade Wall |
| 22:24 | Crear | Villager (Male) |
| 22:24 | Crear | Villager (Male) |
| 22:40 | Crear | Villager (Male) |
| 22:40 | Crear | Villager (Male) |
| 22:42 | Crear | Villager (Male) |
| 22:42 | Crear | Villager (Male) |
| 22:50 | Crear | Villager (Male) |
| 22:50 | Crear | Villager (Male) |
| 22:57 | Construir | Mill |
| 23:35 | Construir | Mill |
| 24:21 | Construir | Palisade Gate |
| 24:25 | Construir | Palisade Gate |
| 25:18 | Crear | Villager (Male) |
| 25:19 | Crear | Villager (Male) |
| 25:47 | Crear | Villager (Male) |
| 25:47 | Crear | Villager (Male) |
| 25:47 | Crear | Villager (Male) |
| 26:02 | Crear | Villager (Male) |
| 26:02 | Crear | Villager (Male) |
| 26:13 | Crear | Villager (Male) |
| 26:13 | Crear | Villager (Male) |
| 26:49 | Construir | Town Center |
| 27:47 | Crear | Villager (Male) |
| 27:48 | Crear | Villager (Male) |
| 27:49 | Crear | Villager (Male) |
| 27:50 | Crear | Villager (Male) |
| 28:46 | Crear | Villager (Male) |
| 29:07 | Crear | Villager (Male) |
| 29:23 | Construir | Palisade Gate |
| 29:27 | Construir | Palisade Gate |
| 29:36 | Construir | Palisade Gate |
| 29:52 | Crear | Villager (Male) |
| 29:57 | Crear | Villager (Male) |
| 30:28 | Construir | Mill |
| 30:35 | Crear | Villager (Male) |
| 30:49 | Construir | Farm |
| 31:32 | Construir | Farm |
| 31:35 | Construir | Farm |
| 31:38 | Construir | Farm |
| 31:39 | Crear | Villager (Male) |
| 31:39 | Crear | Villager (Male) |
| 31:49 | Crear | Villager (Male) |
| 31:49 | Crear | Villager (Male) |
| 31:57 | Construir | House |
| 32:11 | Crear | Villager (Male) |
| 32:11 | Crear | Villager (Male) |
| 32:32 | Crear | Villager (Male) |
| 32:33 | Crear | Villager (Male) |
| 32:35 | Construir | House |
| 32:37 | Construir | House |
| 32:48 | Construir | Farm |
| 32:50 | Construir | Farm |
| 32:54 | Crear | Villager (Male) |
| 33:21 | Construir | House |
| 33:32 | Crear | Villager (Male) |
| 33:52 | Crear | Villager (Male) |
| 33:53 | Crear | Villager (Male) |
| 33:53 | Crear | Villager (Male) |
Build order — Laufey
143 acciones detectadas en el replay
| 0:00 | Crear | Villager (Male) |
| 0:01 | Crear | Villager (Male) |
| 0:01 | Crear | Villager (Male) |
| 0:01 | Crear | Villager (Male) |
| 0:02 | Construir | House |
| 0:04 | Construir | House |
| 1:24 | Crear | Villager (Male) |
| 1:55 | Crear | Villager (Male) |
| 2:25 | Construir | House |
| 2:39 | Crear | Villager (Male) |
| 3:03 | Investigar | Loom |
| 3:27 | Crear | Villager (Male) |
| 3:50 | Crear | Villager (Male) |
| 3:51 | Construir | Mill |
| 4:30 | Crear | Villager (Male) |
| 5:07 | Crear | Villager (Male) |
| 5:08 | Crear | Villager (Male) |
| 5:40 | Crear | Villager (Male) |
| 6:05 | Crear | Villager (Male) |
| 6:28 | Construir | House |
| 6:34 | Crear | Villager (Male) |
| 6:48 | Crear | Villager (Male) |
| 7:30 | Crear | Villager (Male) |
| 7:58 | Crear | Villager (Male) |
| 8:55 | Crear | Villager (Male) |
| 8:59 | Construir | Barracks |
| 9:38 | Investigar | Feudal Age |
| 10:32 | Crear | Militia |
| 10:32 | Crear | Militia |
| 10:32 | Crear | Militia |
| 10:52 | Crear | Villager (Male) |
| 10:52 | Crear | Villager (Male) |
| 11:05 | Construir | House |
| 11:17 | Construir | Lumber Camp |
| 11:48 | Edad | Edad Feudal |
| 11:52 | Construir | House |
| 12:20 | Crear | Spearman |
| 12:50 | Construir | Mining Camp |
| 13:40 | Construir | Market |
| 14:12 | Crear | Spearman |
| 14:49 | Construir | Lumber Camp |
| 15:02 | Crear | Militia |
| 16:25 | Crear | Militia |
| 16:25 | Crear | Militia |
| 17:58 | Construir | Mining Camp |
| 18:47 | Construir | Palisade Wall |
| 18:48 | Construir | Palisade Wall |
| 18:50 | Construir | Palisade Wall |
| 20:57 | Construir | Town Center |
| 21:45 | Construir | Palisade Wall |
| 21:46 | Construir | Palisade Wall |
| 21:49 | Construir | Palisade Wall |
| 21:55 | Construir | Palisade Wall |
| 23:10 | Crear | Villager (Male) |
| 23:10 | Crear | Villager (Male) |
| 24:53 | Crear | Villager (Male) |
| 25:15 | Crear | Villager (Male) |
| 25:33 | Crear | Villager (Male) |
| 25:56 | Crear | Villager (Male) |
| 26:19 | Construir | Barracks |
| 26:25 | Crear | Villager (Male) |
| 27:58 | Construir | Lumber Camp |
| 28:13 | Crear | Militia |
| 28:14 | Crear | Militia |
| 28:58 | Crear | Militia |
| 29:17 | Crear | Villager (Male) |
| 30:37 | Construir | Town Center |
| 31:53 | Construir | Barracks |
| 32:31 | Crear | Militia |
| 32:32 | Crear | Militia |
| 33:07 | Crear | Militia |
| 33:07 | Crear | Militia |
| 33:12 | Crear | Militia |
| 34:19 | Crear | Militia |
| 34:19 | Crear | Militia |
| 34:32 | Crear | Militia |
| 34:32 | Crear | Militia |
| 34:38 | Construir | Farm |
| 34:39 | Construir | Farm |
| 34:39 | Construir | Farm |
| 34:49 | Construir | Farm |
| 35:16 | Construir | Farm |
| 35:20 | Construir | Farm |
| 35:59 | Crear | Villager (Male) |
| 36:02 | Crear | Militia |
| 36:34 | Crear | Militia |
| 36:34 | Crear | Militia |
| 36:40 | Construir | Farm |
| 36:44 | Crear | Militia |
| 37:12 | Crear | Villager (Male) |
| 37:18 | Construir | Farm |
| 37:34 | Crear | Villager (Male) |
| 37:41 | Construir | House |
| 38:22 | Construir | House |
| 39:03 | Crear | Villager (Male) |
| 39:03 | Crear | Villager (Male) |
| 39:06 | Investigar | Wheelbarrow |
| 39:33 | Crear | Villager (Male) |
| 39:46 | Crear | Villager (Male) |
| 39:46 | Crear | Villager (Male) |
| 40:28 | Construir | House |
| 40:29 | Construir | House |
| 41:21 | Construir | Market |
| 41:48 | Crear | Villager (Male) |
| 42:35 | Construir | Blacksmith |
| 43:09 | Investigar | Castle Age |
| 43:46 | Crear | Militia |
| 43:46 | Crear | Militia |
| 43:56 | Construir | House |
| 45:49 | Edad | Edad de los Castillos |
| 46:00 | Construir | Krepost |
| 46:07 | Crear | Villager (Male) |
| 46:07 | Crear | Villager (Male) |
| 46:51 | Construir | Mining Camp |
| 47:29 | Construir | Siege Workshop |
| 47:32 | Crear | Villager (Male) |
| 48:06 | Crear | Villager (Male) |
| 48:40 | Crear | Konnik |
| 48:55 | Crear | Scorpion |
| 50:15 | Crear | Villager (Male) |
| 50:15 | Crear | Villager (Male) |
| 50:25 | Crear | Konnik |
| 50:29 | Crear | Scorpion |
| 51:17 | Crear | Villager (Male) |
| 51:35 | Crear | Villager (Male) |
| 51:35 | Crear | Villager (Male) |
| 52:04 | Construir | Krepost |
| 52:13 | Crear | Villager (Male) |
| 52:23 | Crear | Scorpion |
| 53:20 | Crear | Konnik |
| 53:20 | Crear | Konnik |
| 55:05 | Crear | Mangonel |
| 55:18 | Construir | Mining Camp |
| 55:45 | Crear | Villager (Male) |
| 55:46 | Crear | Villager (Male) |
| 58:56 | Crear | Mangonel |
| 59:41 | Crear | Mangonel |
| 61:01 | Crear | Militia |
| 61:01 | Crear | Militia |
| 63:34 | Crear | Konnik |
| 65:51 | Crear | Konnik |
| 66:29 | Crear | Konnik |
| 68:45 | Construir | Krepost |
Cronología de la partida
| 8:59 | Laufey · first_building Barracks |
| 11:48 | Laufey · age_up feudal |
| 14:37 | Laufey · first_market_sell 100 stone |
| 14:41 | Laufey · first_market_buy 100 wood |
| 16:15 | LRNI MarinM · wall_segment Palisade Wall x4 |
| 16:17 | LRNI MarinM · wall_segment Palisade Wall x5 |
| 16:19 | LRNI MarinM · wall_segment Palisade Wall x5 |
| 16:19 | LRNI MarinM · wall_segment Palisade Wall x3 |
| 18:47 | Laufey · wall_segment Palisade Wall x1 |
| 18:48 | Laufey · wall_segment Palisade Wall x1 |
| 18:50 | Laufey · wall_segment Palisade Wall x1 |
| 21:23 | LRNI MarinM · wall_segment Palisade Wall x1 |
| 21:26 | LRNI MarinM · wall_segment Palisade Wall x1 |
| 21:27 | LRNI MarinM · wall_segment Palisade Wall x1 |
| 21:28 | LRNI MarinM · wall_segment Palisade Wall x1 |
| 21:45 | Laufey · wall_segment Palisade Wall x1 |
| 21:46 | Laufey · wall_segment Palisade Wall x1 |
| 21:49 | Laufey · wall_segment Palisade Wall x1 |
| 21:51 | LRNI MarinM · wall_segment Palisade Wall x1 |
| 21:55 | Laufey · wall_segment Palisade Wall x1 |
| 21:56 | LRNI MarinM · wall_segment Palisade Wall x1 |
| 22:01 | LRNI MarinM · wall_segment Palisade Wall x1 |
| 22:02 | LRNI MarinM · wall_segment Palisade Wall x1 |
| 38:25 | LRNI MarinM · wall_segment Palisade Wall x1 |
| 38:27 | LRNI MarinM · wall_segment Palisade Wall x1 |
| 38:30 | LRNI MarinM · wall_segment Palisade Wall x1 |
| 38:31 | LRNI MarinM · wall_segment Palisade Wall x1 |
| 38:59 | LRNI MarinM · wall_segment Palisade Wall x1 |
| 39:35 | LRNI MarinM · first_building Barracks |
| 39:37 | LRNI MarinM · age_up feudal |
| 40:57 | LRNI MarinM · wall_segment Palisade Wall x4 |
| 43:07 | LRNI MarinM · wall_segment Palisade Wall x4 |
| 43:09 | LRNI MarinM · wall_segment Palisade Wall x6 |
| 44:14 | LRNI MarinM · first_building Archery Range |
| 44:59 | LRNI MarinM · wall_segment Palisade Wall x1 |
| 45:10 | LRNI MarinM · wall_segment Palisade Wall x1 |
| 45:49 | Laufey · age_up castle |
| 46:00 | Laufey · first_building Krepost |
| 47:29 | Laufey · first_building Siege Workshop |
| 48:12 | LRNI MarinM · first_building Stable |
| 50:08 | LRNI MarinM · wall_segment Palisade Wall x6 |
| 55:08 | LRNI MarinM · first_market_buy 100 food |
| 55:10 | LRNI MarinM · first_market_sell 500 stone |
| 69:27 | LRNI MarinM · resign |
[ ANÁLISIS IA · 1 CRÉDITO ]
¿Qué pasó realmente en esta partida?
Wolo.gg analiza cada decisión: build order, eco, micro, errores típicos por bracket. Análisis personalizado por WhatsApp o Discord en 30 segundos.
Guía civ
Persas
Perfil
LRNI MarinM